 Dungeon Crawl Stone Soup version 0.25.0-46-gbd7b0854d2 (webtiles) character file.

Game seed: 2718982545766869820

751 Omnitron the Skirmisher (level 7, 0/47 HPs)
             Began as a Gargoyle Fighter on July 14, 2020.
             Killed by nerve-wracking pain
             ... invoked by an orc priest
              (6 damage)
             ... on level 6 of the Dungeon.
             The game lasted 00:36:14 (2792 turns).

Omnitron the Skirmisher (Gargoyle Fighter)          Turns: 2792, Time: 00:36:14

Health: 0/47       AC: 14    Str: 19    XL:     7   Next: 78%
Magic:  10/11      EV:  5    Int: 11    God:
Gold:   61         SH:  9    Dex:  9    Spells: 11/11 levels left

rFire    . . .     SeeInvis .   p - +1 whip (vamp)
rCold    . . .     Gourm    .   c - +0 kite shield
rNeg     + . .     Faith    .   x - +0 chain mail
rPois    ∞         Spirit   .   (no helmet)
rElec    +         Reflect  .   (no cloak)
rCorr    .         Harm     .   (no gloves)
MR       .....                  (no boots)
Stlth    ..........             (no amulet)
HPRegen  0.15/turn              (no ring)
MPRegen  0.12/turn              (no ring)

@: mighty
A: negative energy resistance 1, electricity resistance, unbreathing,
petrification resistance, rot immunity, AC +4
a: no special abilities


You were on level 6 of the Dungeon.
You were not hungry.

You visited 1 branch of the dungeon, and saw 5 of its levels.
You also visited: Sewer.

You collected 61 gold pieces.

Inventory:

Hand Weapons
 a - a +0 war axe
 j - a +2 short sword of speed
 p - a +1 vampiric whip (weapon)
Armour
 c - a +0 kite shield (worn)
 x - a +0 chain mail (worn)
Jewellery
 w - an uncursed amulet of faith
Wands
 u - a wand of random effects (13)
Scrolls
 b - 3 scrolls of random uselessness {unknown}
 e - 2 scrolls of teleportation {unknown}
 i - a scroll of identify
 m - a scroll of fog {unknown}
 o - 2 scrolls of amnesia
 q - a scroll of remove curse {unknown}
 t - a scroll of enchant weapon {unknown}
 v - a scroll of blinking {unknown}
 y - a scroll of magic mapping {unknown}
Potions
 g - a potion of magic {unknown}
 h - a potion of resistance {unknown}
 k - 2 potions of heal wounds {unknown}
 l - a potion of ambrosia {unknown}
 n - 2 potions of brilliance
 r - a potion of curing
Comestibles
 f - 2 rations
 s - 3 chunks of flesh


   Skills:
 * Level 6.3 Fighting
 + Level 3.5 Axes
 + Level 4.8 Armour
 + Level 4.9 Shields
 + Level 2.7 Spellcasting


You had 11 spell levels left.
You didn't know any spells.
Your spell library was empty.

Dungeon Overview and Level Annotations

Branches:
Dungeon (4/15)              Sewer (visited)
 Temple: D:4-7

Altars:
Dithmenos


Innate Abilities, Weirdness & Mutations

You are resistant to torment.
Your stone body is resilient. (AC +4)
You are immune to poison.
You resist negative energy. (rN+)
You are resistant to electric shocks. (rElec)
You can survive without breathing.
You are immune to petrification.
You are immune to rotting.


Message History

You kill the orc warrior!
The orc priest mumbles some strange prayers to Beogh against you.
Pain shoots through your body!
* * * LOW HITPOINT WARNING * * *
You feel better.
You hit the orc priest.
The orc priest is moderately wounded.
The orc priest hits you but does no damage.
You hit the orc priest but do no damage.
The orc priest is moderately wounded.
The orc priest looks braver for a moment.
The orc priest invokes the aid of Beogh against you.
Beogh smites you!
* * * LOW HITPOINT WARNING * * *
You whack the orc priest!
The orc priest is almost dead.
The jackal pauses to sniff the ground.
The orc priest mumbles some strange prayers to Beogh against you.
Pain shoots through your body!
You die... #...........# #.#.#.####### #.....# ## ###.### oo. #.# hoh

#######.###########
..
...................
#o#######.###########
#hoo@÷....#
###########


You could see an orc priest, an orc wizard, an orc and a jackal.

Vanquished Creatures
  An orc warrior (D:6)
  5 big kobolds (Sewer)
  A scorpion (D:3)
  A howler monkey (D:1)
  An iguana (D:3)
  5 adders
  3 river rats (Sewer)
  5 oozes
  8 worms
  A dart slug (D:1)
  3 orcs (D:3)
  3 bats
  2 giant cockroaches
  4 hobgoblins
  9 jackals
  A quokka (D:3)
  5 ball pythons
  2 frilled lizards
  5 goblins
  13 kobolds
  6 rats
84 creatures vanquished.

Notes
Turn   | Place    | Note
-------+----------+-------------------------------------------
     0 | D:1      | Omnitron the Gargoyle Fighter began the quest for the Orb.
     0 | D:1      | Reached XP level 1. HP: 14/14 MP: 1/1
   124 | D:1      | Reached XP level 2. HP: 19/19 MP: 2/2
   619 | D:2      | Noticed a howler monkey
   789 | D:1      | Killed a howler monkey
   789 | D:1      | Reached skill level 4 in Fighting
   789 | D:1      | Reached skill level 1 in Spellcasting
   789 | D:1      | Reached XP level 3. HP: 15/24 MP: 2/4
   791 | D:1      | Reached XP level 4. HP: 18/29 MP: 2/5
   996 | D:3      | Found a glowing drain.
  1089 | Sewer    | Entered a sewer
  1111 | Sewer    | Noticed a big kobold
  1181 | Sewer    | Killed a big kobold
  1181 | Sewer    | Reached XP level 5. HP: 34/34 MP: 5/7
  1448 | Sewer    | Noticed a big kobold
  1505 | Sewer    | Killed a big kobold
  1505 | Sewer    | Reached skill level 5 in Fighting
  1505 | Sewer    | Reached XP level 6. HP: 40/40 MP: 8/8
  1764 | Sewer    | Reached XP level 7. HP: 45/45 MP: 10/10
  2091 | D:3      | Reached skill level 6 in Fighting
  2318 | D:4      | Found a shadowy altar of Dithmenos.
  2673 | D:3      | You fall into a shaft and drop 3 floors!
  2792 | D:6      | Killed from afar by an orc priest

Illustrated notes

Levels and vault maps discovered:
D:1:      minmay_arrival_jagged, layout_loops_ring
D:2:      minmay_wonky_spiral, layout_basic, uniq_terence
D:3:      layout_basic, cheibrodos_sewer_entry_drain, minmay_hedge_maze
D:4:      layout_basic, lemuel_crystal_altar, kennysheep_little_box,
          first_ration, serial_shops, shop, nicolae_shop_stone,
          nicolae_shop_statue_plus, shop_statue, shop, minmay_misc_feat_room
D:6:      layout_loops_ring, lemuel_crystal_altar, old_standard_altar,
          lemuel_crystal_altar, old_standard_altar

Skill      XL: |  1  2  3  4  5  6  7 |
---------------+----------------------+-----
Axes           | 2 3 |  3.5
Fighting       | 4 5 6 |  6.3
Spellcasting   | 1 2 |  2.7
Armour         | 4 |  4.8
Shields        | 4 |  4.9

Action                   |  1- 3 |  4- 6 |  7- 9 || total
-------------------------+-------+-------+-------++-------
Melee: War axe           |    56 |     2 |       ||    58
       Whip              |       |   354 |   241 ||   595
  Use: Scroll            |       |       |     4 ||     4
       Potion            |       |       |     2 ||     2
  Eat: Chunk             |       |     4 |     4 ||     8
Armor: Scale mail        |    30 |   116 |    84 ||   230
       Chain mail        |       |       |     4 ||     4
Dodge: Dodged            |    17 |    57 |    56 ||   130
Block: Kite shield       |    22 |   148 |   104 ||   274
